 Dungeon Crawl Stone Soup version 0.30.1-11-g7821555f0a (webtiles) character file.

Game seed: 4237254439471823199

8001 porpoise the Firebug (level 11, -9/138 HPs)
             Began as a White Draconian Fire Elementalist on Dec 5, 2023.
             Was a Follower of Vehumet.
             Mangled by a two-headed ogre
             ... wielding a +0 giant club
              (34 damage)
             ... on level 10 of the Dungeon.
             The game lasted 00:54:42 (14287 turns).

porpoise the Firebug (DrFE)                        Turns: 14287, Time: 00:54:43

Health: -9/138     AC:  8    Str: 12    XL:     11   Next: 4%
Magic:  17/28      EV: 13    Int: 25    God:    Vehumet [*.....]
Gold:   66         SH:  5    Dex: 11    Spells: 4/21 levels left

rFire   . . .        a - +1 short sword (drain)
rCold   + . .        (no shield)
rNeg    . . .        (body armour unavailable)
rPois   .            (helmet restricted)
rElec   .            H - +0 cloak
rCorr   .            (no gloves)
SInv    .            (no boots)
Will    .....        n - amulet of reflection Stlth
                     A - +6 ring of intelligence
HPRegen 0.43/turn    K - ring of magical power
MPRegen 0.21/turn

%: reflection
@: berserking, silenced, slowed
A: breathe frost, AC +7, unfitting armour, cold resistance 1, cold-blooded
a: Breathe Frost, Renounce Religion


You were on level 10 of the Dungeon.
You worshipped Vehumet.
Vehumet was aware of your devotion.
You visited 2 branches of the dungeon, and saw 11 of its levels.

You collected 510 gold pieces.
You spent 444 gold pieces at shops.

Inventory:

Hand Weapons
 a - a +1 short sword of draining (weapon)
 b - a +0 heavy sling
 I - a +5 dagger
 L - a +1 rapier
 M - a +1 whip of electrocution
Missiles
 k - 6 curare-tipped darts
 l - 19 poisoned darts (quivered)
 s - 9 boomerangs
 x - 3 boomerangs of dispersal
 B - 5 javelins
Armour
 y - a +0 cloak
 H - a +0 cloak (worn)
Jewellery
 d - a +4 ring of slaying
 n - an amulet of reflection (around neck)
 A - a +6 ring of intelligence (left hand)
 K - a ring of magical power (right hand)
Wands
 f - a wand of iceblast (6)
 w - a wand of paralysis (10)
 C - a wand of quicksilver (14)
Scrolls
 c - 3 scrolls of enchant weapon
 h - 2 scrolls of poison
 m - a scroll of blinking
 p - 2 scrolls of noise
 q - a scroll of fog
 u - 2 scrolls of vulnerability
 D - a scroll of immolation
 G - a scroll of magic mapping {unknown}
Potions
 e - a potion of resistance
 g - 5 potions of brilliance
 i - 2 potions of flight
 j - 2 potions of mutation
 o - 4 potions of attraction
 r - 4 potions of curing
 t - 2 potions of haste
 E - 2 potions of cancellation {unknown}
 J - a potion of might
Miscellaneous
 z - a piece from Xom's chessboard (15/15)


   Skills:
 - Level 7.0 Fighting
 + Level 1.2 Short Blades
 - Level 5.7 Dodging
 - Level 5.0 Stealth
 - Level 5.8 Spellcasting
 - Level 4.0 Conjurations
 + Level 3.1 Summonings
 - Level 5.1 Translocations
 - Level 7.0 Fire Magic
 + Level 3.7 Ice Magic
 - Level 5.0 Evocations


You had 4 spell levels left.
You knew the following spells:

 Your Spells              Type           Power      Damage    Failure   Level
a - Foxfire               Conj/Fire      100%       2x1d9     1%          1
b - Scorch                Fire           84%        2d8       1%          2
c - Volatile Blastmotes   Fire/Tloc      74%        2d16      1%          3
d - Flame Wave            Conj/Fire      34%        2d10      8%          4
i - Summon Ice Beast      Ice/Summ       24%        N/A       19%         4
r - Frozen Ramparts       Ice            52%        1d8       4%          3

Your spell library contained the following spells:

 Spells                   Type           Power      Damage    Failure   Level
 Kiss of Death            Conj/Necr      68%        2d10      3%          1
 Apportation              Tloc           64%        N/A       1%          1
 Inner Flame              Hex/Fire       24%        N/A       5%          3
 Vhi's Electric Charge    Tloc/Air       40%        N/A       8%          3
 Poisonous Vapours        Pois/Air       14%        N/A       12%         2
 Mephitic Cloud           Conj/Pois/Air  14%        N/A       13%         3
 Ice Form                 Ice/Tmut       16%        N/A       34%         4
 Freezing Cloud           Conj/Ice/Air   10%        6-21      58%         5
 Arcjolt                  Conj/Air       8%         1d18      67%         5
 Alistair's Intoxication  Tmut/Pois      4%         N/A       91%         5
 Maxwell's Capacitive Co  Air            3%         ∞         100%        8


Dungeon Overview and Level Annotations

Branches:
Dungeon (10/15)            Temple (1/1) D:7            Lair (0/5) D:8
    Orc: D:9-12

Altars:
Ashenzari
Cheibriados
Dithmenos
Elyvilon
Fedhas
Gozag
Hepliaklqana
Kikubaaqudgha
Makhleb
Nemelex Xobeh
Okawaru
Qazlal
Ru
Sif Muna
Trog
Uskayaw
Vehumet
Wu Jian
Xom
Yredelemnul
Zin
The Shining One
Lugonu

Shops:
D:4 :   D:5 !

Portals:
Abyss: D:5

Annotations:
D:3 Sigmund
D:5 3 runed translucent doors, middlethird's ghost, novice VSEE
D:10 1 runed translucent door, senjinn's ghost, journeyman HOFi


Innate Abilities, Weirdness & Mutations

You can breathe waves of freezing cold which knock back foes.
Your icy white scales are hard. (AC +7)
You cannot fit into any form of body armour.
Your flesh is cold resistant. (rC+)
You are cold-blooded and may be slowed by cold attacks.


Message History

Fannar closely misses you.
You hit Fannar but do no damage. You drain Fannar.
Fannar is severely wounded.
The foxfire hits the two-headed ogre.
The two-headed ogre is lightly wounded.
The foxfire hits the two-headed ogre.
The two-headed ogre is lightly wounded.
Fannar hits you with a +0 quarterstaff of freezing.
Casting: Foxfire (safe; 1% risk of failure)
Confirm with . or Enter, or press ? or * to list all spells.
Flames lash Fannar.
Fannar is burned terribly!
You kill Fannar!
Vehumet accepts your kill.
The two-headed ogre hits you with a +0 giant club!
* * * LOW HITPOINT WARNING * * *
You block the two-headed ogre's attack.
Your Short Blades skill increases to level 1!
Your Summonings skill increases to level 3!
You have reached level 11!
As you read the scroll labelled NINELA OSEKI, it crumbles to dust.
A profound silence engulfs you.
It was a scroll of silence.
The two-headed ogre closely misses you. The two-headed ogre misses you.
You block the wraith's attack.
You see here the kobold corpse of Sonja.
The wraith attacks as you move away! The wraith hits you!
* * * LOW HITPOINT WARNING * * *
The wraith drains your vigour!
You feel yourself slow down. The wraith attacks as you move away!
The wraith closely misses you. The wraith attacks as you move away!
The wraith hits you but does no damage. The wraith closely misses you.
A red film seems to cover your vision as you go berserk!
You feel yourself moving faster!
You feel mighty! The two-headed ogre misses you.
The two-headed ogre hits you with a +0 giant club.
* * * LOW HITPOINT WARNING * * *
The wraith misses you.
You puncture the wraith!
The wraith is moderately damaged.
The two-headed ogre hits you with a +0 giant club!!
You die...

.<.#........#........##.##..
####........#.........#+#...
.......)#######'....)......#
.).....#...#...#....#......#
####...#...#...#..†.#W.....#
#...#.))....#....#......# ..
#...###._.###....#......#
...#...#.......#WO..#......#
...#...#...#...#@####......#
...#...#...#...#.[...}.....#
.......+#######+........
..... ......... ..#......
...+...... ...#......
#####.####+


You could see a two-headed ogre and a wraith.

Vanquished Creatures
  Fannar (D:10)
  A hydra (D:10)
  Sonja (D:10)
  Pikel (D:5)
  Joseph (D:9)
  An unseen horror (D:9)
  A rime drake (D:8)
  Prince Ribbit (D:5)
  A hornet (D:7)
  3 yaks (D:6)
  A steam dragon (D:9)
  Edmund (D:6)
  2 water moccasins (D:6)
  2 orc warriors
  2 sky beasts (D:7)
  4 ice beasts (D:8)
  3 ogres
  A wolf (D:8)
  A centaur (D:10)
  A lemure (D:5)
  A phantom (D:4)
  2 gnoll sergeants
  A bullfrog (D:6)
  2 scorpions
  16 wights
  3 killer bees (D:8)
  2 electric eels (D:8)
  A howler monkey (D:9)
  5 hounds
  2 orc priests
  Ijyb (D:3)
  4 iguanas
  10 orc wizards
  28 gnolls
  8 adders
  2 white imps (D:7)
  3 dart slugs
  A worm (D:2)
  47 orcs
  8 ball pythons
  A bat zombie (D:9)
  6 endoplasms
  3 giant cockroaches
  4 hobgoblins
  14 jackals (D:4)
  5 quokkas
  5 bats
  3 frilled lizards (D:3)
  12 goblins
  6 kobolds
  21 rats
  3 rat zombies (D:9)
260 creatures vanquished.

Vanquished Creatures (others)
  796 foxfires
796 creatures vanquished.

Grand Total: 1056 creatures vanquished

Notes
Turn   | Place    | Note
-------+----------+-------------------------------------------
     0 | D:1      | porpoise the Draconian Fire Elementalist began the quest
                  | for the Orb.
     0 | D:1      | Reached XP level 1. HP: 14/14 MP: 3/3
   661 | D:1      | Reached XP level 2. HP: 20/20 MP: 1/5
   665 | D:1      | Learned a level 2 spell: Scorch
  1245 | D:2      | Reached XP level 3. HP: 25/26 MP: 0/6
  2365 | D:2      | Reached XP level 4. HP: 33/33 MP: 5/8
  2392 | D:2      | Found a faded altar of an unknown god.
  2467 | D:2      | Learned a level 3 spell: Volatile Blastmotes
  3264 | D:3      | Reached XP level 5. HP: 20/38 MP: 1/9
  3421 | D:3      | Found a stormy altar of Qazlal.
  3683 | D:3      | Noticed Ijyb
  3690 | D:3      | Paralysed by Ijyb for 3 turns
  3699 | D:3      | Paralysed by Ijyb for 2 turns
  3715 | D:3      | Killed Ijyb
  4027 | D:3      | Noticed Sigmund
  4159 | D:4      | Reached XP level 6. HP: 44/45 MP: 6/11
  4351 | D:4      | Found an iron altar of Okawaru.
  4364 | D:4      | Found Daraxtaj's Book Shop.
  4370 | D:4      | Reached skill level 1 in Translocations
  4372 | D:4      | Found a glowing silver altar of Zin.
  4424 | D:4      | Found a snail-covered altar of Cheibriados.
  4447 | D:4      | Found a blossoming altar of Fedhas.
  5387 | D:4      | Reached skill level 5 in Fire Magic
  5564 | D:4      | Your scales start taking on an icy white colour.
  5564 | D:4      | Reached XP level 7. HP: 47/50 MP: 6/13
  5564 | D:4      | Gained mutation: Your flesh is cold resistant. (rC+) [White
                  | Draconian growth]
  6118 | D:5      | Entered Level 5 of the Dungeon
  6118 | D:5      | Found Edeafeb's Distillery.
  6211 | D:5      | Bought a potion of curing for 39 gold pieces
  6211 | D:5      | Bought a potion of degeneration for 13 gold pieces
  6342 | D:5      | Found a one-way gate to the infinite horrors of the Abyss.
  6346 | D:5      | Found a runed translucent door.
  6360 | D:5      | Noticed middlethird's ghost (novice VSEE)
  6392 | D:5      | Noticed Prince Ribbit
  6406 | D:5      | Killed Prince Ribbit
  6407 | D:5      | Reached skill level 5 in Spellcasting
  6407 | D:5      | Reached skill level 5 in Fire Magic
  6736 | D:5      | Noticed Pikel
  6774 | D:5      | Killed Pikel
  6775 | D:5      | Reached skill level 5 in Translocations
  6775 | D:5      | Reached XP level 8. HP: 42/63 MP: 7/15
  6936 | D:5      | Found a large runed translucent door.
  6936 | D:5      | Found a large runed translucent door.
  6964 | D:5      | Found a corrupted altar of Lugonu.
  7483 | D:6      | HP: 2/67 [yak (9)]
  7493 | D:6      | Reached XP level 9. HP: 11/72 MP: 1/16
  7786 | D:6      | Reached skill level 5 in Fighting
  8215 | D:6      | Noticed Edmund
  8225 | D:6      | Killed Edmund
  8612 | D:7      | Found a staircase to the Ecumenical Temple.
  8624 | Temple   | Entered the Ecumenical Temple
  8834 | Temple   | Became a worshipper of Vehumet
  9168 | D:7      | Reached skill level 5 in Stealth
  9549 | D:7      | Reached skill level 1 in Evocations
  9655 | D:7      | Reached * piety under Vehumet
  9655 | D:7      | Offered knowledge of Freeze by Vehumet.
 10622 | D:8      | Reached XP level 10. HP: 39/86 MP: 12/17
 10866 | D:8      | You fall into a shaft and drop 2 floors!
 10866 | D:10     | Entered Level 10 of the Dungeon
 11155 | D:8      | Found a staircase to the Lair.
 11611 | D:8      | Offered knowledge of Kiss of Death by Vehumet.
 11952 | D:9      | Reached ** piety under Vehumet
 12197 | D:9      | Found a hide-covered altar of Uskayaw.
 12279 | D:9      | Noticed Joseph
 12303 | D:9      | Killed Joseph
 12312 | D:9      | HP: 3/86 [something (4)]
 12316 | D:9      | Reached skill level 5 in Dodging
 12600 | D:9      | Found an opulent altar of Gozag.
 12688 | D:9      | Found a sparkling altar of Nemelex Xobeh.
 12788 | D:9      | Reached skill level 5 in Evocations
 13327 | D:9      | Found an ancient bone altar of Kikubaaqudgha.
 13711 | D:4      | Bought a book of Rime for 392 gold pieces
 13717 | D:4      | Learned a level 3 spell: Frozen Ramparts
 13722 | D:4      | Learned a level 4 spell: Flame Wave
 13727 | D:4      | Learned a level 4 spell: Summon Ice Beast
 13855 | D:10     | Noticed a six-headed hydra
 13863 | D:10     | Killed a six-headed hydra
 13864 | D:10     | Reached skill level 1 in Summonings
 14205 | D:10     | Found a sacrificial altar of Ru.
 14236 | D:10     | Found a runed translucent door.
 14236 | D:10     | Noticed senjinn's ghost (journeyman HOFi)
 14239 | D:10     | Noticed Sonja
 14250 | D:10     | Killed Sonja
 14265 | D:10     | Noticed Fannar
 14265 | D:10     | Noticed a two-headed ogre
 14279 | D:10     | Killed Fannar
 14280 | D:10     | Reached skill level 1 in Short Blades
 14280 | D:10     | Reached XP level 11. HP: 23/92 MP: 15/19
 14287 | D:10     | Mangled by a two-headed ogre

Illustrated notes

Levels and vault maps discovered:
D:1:      nzn_arrival_settlement, layout_loops_corners, hangedman_decor_points
D:2:      layout_loops_ring, hellmonk_ecumenical_altar_leap_of_faith,
          minmay_misc_feat_enclosed, nrook_mini_vaults, nicolae_hexahallways,
          chequers_serial_rivers_micro_c, st_stairs_2
D:3:      kennysheep_the_goblin_king, layout_basic,
          nicolae_qazlal_eye_of_the_storm, minmay_rat_hole, uniq_ijyb,
          uniq_sigmund
D:4:      lemuel_castle_with_subvaults [lemuel_castle_interior_carwin_1],
          layout_rooms, nicolae_overflow_quartered_altars, serial_shops, shop
D:5:      due_chaos_kobolds, layout_rooms, serial_co_window_serial,
          co_window_paths_a, co_window_corner_a, co_window_corner_a,
          co_window_paths_b, co_window_of_opportunity_a, co_window_paths_b,
          co_window_paths_b, co_window_corner_ca, co_window_corner_b,
          co_window_of_opportunity_b, co_window_cross_2, co_window_4corner_a,
          glass_columns_a, glass_columns_a, glass_columns_a, glass_columns_a,
          glass_columns_b, serial_shops, shop, ebering_ghost_sewer_d,
          hellmonk_bongcloud_opening, minivault_26, uniq_pikel,
          uniq_prince_ribbit1
D:6:      layout_basic, uniq_edmund
D:7:      layout_cave_pods, minmay_temple_entry_slanted
D:8:      layout_basic, hellmonk_lair_entry_icy, reono_crystal_passage,
          water_boxes_lemuel
D:9:      statuecave_lemuel, layout_layer_cave, nemelex_spade_bored_becter,
          lemuel_zombie_altar_kikubaaqudgha, kennysheep_little_box,
          mainiacjoe_overflow_alcove_2, uniq_joseph
D:10:     minmay_cut_squares, layout_irregular_city,
          nicolae_ru_great_annihilating_truth, orc_0_dummy, enter_trove_5,
          hellmonk_ghost_happy_afterlife, uniq_maggie, uniq_fannar, uniq_sonja
Temple:   hc_temple_tempest_star

Skill      XL: |  1  2  3  4  5  6  7  8  9 10 |
---------------+-------------------------------+-----
Conjurations   | 2 3 4 |  4.0
Spellcasting   | 3 4 5 |  5.8
Fire Magic     | 4 4 5 6 7 |  7.0
Translocations | 2 5 |  5.1
Fighting       | 3 4 7 |  7.0
Stealth        | 3 5 |  5.0
Dodging        | 3 5 |  5.7
Evocations     | 2 5 |  5.0
Summonings     | 3 |  3.1
Ice Magic      | 3 |  3.7
Short Blades   | 1 |  1.2

Action                     |  1- 3 |  4- 6 |  7- 9 | 10-12 || total
---------------------------+-------+-------+-------+-------++-------
  Melee: Unarmed           |     4 |       |       |       ||     4
         Tailslap          |     1 |     3 |    12 |     4 ||    20
         Dagger            |    16 |       |       |       ||    16
         Rapier            |     5 |    35 |    32 |       ||    72
         Punch             |       |     1 |       |       ||     1
         Whip              |       |       |    64 |    48 ||   112
         Short sword       |       |       |       |     5 ||     5
  Throw: Dart              |       |       |     3 |     2 ||     5
   Cast: Foxfire           |    36 |   138 |   164 |   107 ||   445
         Scorch            |     3 |    10 |    49 |    27 ||    89
         Volatile Blastmot |       |       |     1 |       ||     1
         Frozen Ramparts   |       |       |       |     1 ||     1
    Use: Scroll            |       |     9 |     4 |     6 ||    19
         Potion            |       |     1 |     5 |     3 ||     9
   Stab: Sleeping          |     2 |     1 |       |       ||     3
 Armour: Skin              |     6 |     7 |    44 |    45 ||   102
  Dodge: Dodged            |    21 |    24 |    91 |    76 ||   212
  Block: Other             |       |    14 |    35 |    25 ||    74
